 Dungeon Crawl Stone Soup version 0.29.1-12-g30fa7ad0bf (webtiles) character file.

Game seed: 13248611816623356008

129 mampy3000 the Chopper (level 4, -3/40 HPs)
             Began as a Minotaur Berserker on Jan 19, 2023.
             Was a Believer of Trog.
             Killed by divine providence
             ... invoked by an orc priest
              (15 damage)
             ... on level 3 of the Dungeon.
             The game lasted 00:04:51 (2114 turns).

mampy3000 the Chopper (Minotaur Berserker)          Turns: 2114, Time: 00:04:51

Health: -3/40      AC:  8    Str: 22    XL:     4   Next: 88%
Magic:  3/3        EV: 12    Int:  4    God:    Trog [**....]
Gold:   63         SH:  0    Dex: 11    Spells: 3/3 levels left

rFire   . . .      SeeInvis .   a - +0 hand axe
rCold   . . .      Faith    .   (no shield)
rNeg    . . .      Spirit   .   n - +3 leather armour
rPois   .          Reflect  .   (helmet restricted)
rElec   .          Harm     .   f - +0 cloak
rCorr   .          Rampage  .   j - +0 pair of gloves
Will    .....                   (no boots)
Stlth   +.........              (no amulet)
HPRegen 0.13/turn               (no ring)
MPRegen 0.08/turn               (no ring)

@: on berserk cooldown, slowed, very slow
A: horns 2, retaliatory headbutt
a: Renounce Religion, Berserk, Trog's Hand


You were on level 3 of the Dungeon.
You worshipped Trog.
Trog was pleased with you.
You visited 1 branch of the dungeon, and saw 3 of its levels.

You collected 63 gold pieces.

Inventory:

Hand Weapons
 a - a +0 hand axe (weapon)
Armour
 f - a +0 cloak (worn)
 j - a +0 pair of gloves (worn)
 n - a +3 leather armour (worn)
Wands
 p - a wand of flame (10)
Scrolls
 c - 2 scrolls of teleportation
 e - a scroll of immolation
 m - a scroll of fog {unknown}
Potions
 b - a potion of lignification {unknown}
 d - a potion of flight {unknown}
 g - a potion of mutation
 h - a potion of resistance {unknown}
 k - a potion of might
 l - a potion of cancellation {unknown}
 o - a potion of attraction {unknown}
 q - a potion of heal wounds {unknown}


   Skills:
 + Level 4.3 Fighting
 + Level 5.7 Axes
 + Level 2.8 Armour
 + Level 2.9 Dodging
 + Level 0.4 Stealth


You had 3 spell levels left.
You didn't know any spells.
Your spell library was empty.

Dungeon Overview and Level Annotations

Branches:
Dungeon (3/15)

Altars:


Innate Abilities, Weirdness & Mutations

You have a pair of horns on your head.
You reflexively headbutt those who attack you in melee.


Message History

You closely miss the orc.
The orc is heavily wounded.
You completely miss the orc.
You feel sick. The orc hits you with a +0 falchion.
* * * LOW HITPOINT WARNING * * *
The orc closely misses you.
You closely miss the orc.
The orc is heavily wounded.
You slash the orc!
You kill the orc!
Trog accepts your kill.
You feel sick.
You slash the orc!
You kill the orc!
Trog accepts your kill.
You feel sick.
You feel sick.
You feel a strong urge to attack something.
You feel sick.
You feel sick.
You feel your anger nearly subside.
You feel sick.
You are no longer berserk.
You are exhausted.
You feel yourself slow down.
You feel sick.
You feel better.
You feel the effects of Trog's Hand fading.
Your skin stops crawling.
You feel less strong-willed.
An orc priest comes into view. It is wielding a +0 flail.
The orc priest shouts!
The orc priest hits you with a +0 flail!
The orc priest hits you but does no damage.
The orc priest invokes the aid of Beogh against you.
Beogh smites you!
* * * LOW HITPOINT WARNING * * *
The orc priest barely misses you.
The orc priest hits you but does no damage.
The orc priest calls down the wrath of Beogh upon you.
Beogh smites you!
You die...

##+## ##...##
#.##.....##
#.#.......##
..##..........#
......)....o@†+
..##..).......#
##.....>..##
....#.....##
######...##
##'##
###.######
#........#
###........#


You could see an orc priest.

Vanquished Creatures
  Jessica (D:2)
  4 adders (D:2)
  2 dart slugs
  4 orcs (D:3)
  4 endoplasms
  3 giant cockroaches
  8 hobgoblins
  A quokka (D:3)
  5 ball pythons
  6 bats
  A frilled lizard (D:1)
  6 goblins
  11 kobolds
  2 rats
58 creatures vanquished.

Vanquished Creatures (others)
  15 plants (D:1)
15 creatures vanquished.

Grand Total: 73 creatures vanquished

Notes
Turn   | Place    | Note
-------+----------+-------------------------------------------
     0 | D:1      | mampy3000 the Minotaur Berserker began the quest for the
                  | Orb.
     0 | D:1      | Reached XP level 1. HP: 19/19 MP: 0/0
   200 | D:1      | Reached skill level 4 in Axes
   200 | D:1      | Reached XP level 2. HP: 27/27 MP: 1/1
   743 | D:1      | Reached XP level 3. HP: 33/33 MP: 2/2
   745 | D:1      | Reached ** piety under Trog
  1080 | D:2      | Reached skill level 5 in Axes
  1401 | D:2      | Reached XP level 4. HP: 40/40 MP: 3/3
  1513 | D:2      | Noticed Jessica
  1521 | D:2      | Killed Jessica
  2114 | D:3      | Killed from afar by an orc priest

Illustrated notes

Levels and vault maps discovered:
D:1:      tarquinn_simple_flora_water_b, layout_rooms, serial_park_tiny_2,
          serial_bayou_lagoon_a, nicolae_figureground_sparkle
D:2:      layout_basic, uniq_jessica
D:3:      minmay_angry_zag, layout_loops_corners, minmay_misc_feat_ornament,
          minmay_puff

Skill      XL: |  1  2  3 |
---------------+----------+-----
Axes           | 4 5 |  5.7
Fighting       | 4 |  4.3
Armour         | |  2.8
Dodging        | |  2.9
Stealth        | |  0.4

Action                   |  1- 3 |  4- 6 || total
-------------------------+-------+-------++-------
Melee: Hand axe          |    69 |    36 ||   105
       Headbutt          |     7 |     8 ||    15
Invok: Berserk           |     3 |     2 ||     5
       Trog's Hand       |       |     1 ||     1
  Use: Scroll            |     4 |       ||     4
       Potion            |       |     1 ||     1
Armor: Animal skin       |    16 |       ||    16
       Leather armour    |     1 |    14 ||    15
Dodge: Dodged            |    46 |    24 ||    70
